 Dungeon Crawl Stone Soup version 0.30.1-4-g462c640d31 (webtiles) character file.

Game seed: 1516811599359682701

2254 GimliDwarf the Digger (level 9, -5/68 HPs)
             Began as a Gnoll Wanderer on Aug 11, 2023.
             Slain by an orc warrior
             ... wielding a +0 hand axe
              (18 damage)
             ... on level 7 of the Dungeon.
             The game lasted 00:16:21 (7963 turns).

GimliDwarf the Digger (Gnoll Wanderer)              Turns: 7963, Time: 00:16:21

Health: -5/68      AC: 10    Str: 17    XL:     9   Next: 37%
Magic:  14/16      EV: 12    Int: 14    God:
Gold:   295        SH:  0    Dex:  8    Spells: 17/18 levels left

rFire   + . .        r - +3 quarterstaff (chaos)
rCold   . . .        (shield currently unavailable)
rNeg    . . .        t - +0 steam dragon scales
rPois   .            f - +2 hat
rElec   .            s - +1 cloak
rCorr   +            (no gloves)
SInv    .            (no boots)
Will    .....        (no amulet)
Stlth   ++           k - ring of resist corrosion
HPRegen 0.31/turn    p - ring of protection from fire
MPRegen 0.15/turn

%: no passive effects
@: no status effects
A: fangs 1, strong nose, distributed training
a: no special abilities


You were on level 7 of the Dungeon.
You visited 1 branch of the dungeon, and saw 7 of its levels.

You collected 295 gold pieces.

Inventory:

Hand Weapons
 r - a +3 quarterstaff of chaos (weapon)
Missiles
 n - 3 poisoned darts
Armour
 d - a +1 leather armour
 f - a +2 hat (worn)
 s - a +1 cloak (worn)
 t - +0 steam dragon scales (worn)
Jewellery
 k - a ring of resist corrosion (left hand)
 l - an amulet of guardian spirit
 p - a ring of protection from fire (right hand)
Wands
 i - a wand of iceblast (9)
 o - a wand of flame (22)
Scrolls
 e - 4 scrolls of identify
 g - 3 scrolls of teleportation
 h - 2 scrolls of fear
Potions
 a - a potion of brilliance
 c - 2 potions of heal wounds
 j - 8 potions of curing
 m - a potion of flight
 q - 3 potions of resistance
 u - a potion of lignification
Miscellaneous
 b - a piece from Xom's chessboard (14/15)


   Skills:
 + Level 5.1 Fighting
 + Level 4.3 Short Blades
 + Level 4.3 Long Blades
 + Level 4.3 Axes
 + Level 4.3 Maces & Flails
 + Level 5.1 Polearms
 + Level 4.3 Staves
 + Level 4.3 Ranged Weapons
 + Level 4.3 Throwing
 + Level 5.1 Armour
 + Level 4.3 Dodging
 + Level 5.0 Stealth
 + Level 4.3 Shields
 + Level 4.3 Unarmed Combat
 + Level 5.2 Spellcasting
 + Level 3.6 Conjurations
 + Level 3.6 Hexes
 + Level 3.6 Summonings
 + Level 3.6 Necromancy
 + Level 3.6 Translocations
 + Level 3.6 Transmutations
 + Level 3.6 Fire Magic
 + Level 3.6 Ice Magic
 + Level 3.6 Air Magic
 + Level 6.6 Earth Magic
 + Level 3.6 Poison Magic
 + Level 4.8 Invocations
 + Level 6.4 Evocations


You had 17 spell levels left.
You knew the following spells:

 Your Spells              Type           Power      Damage    Failure   Level
a - Sandblast             Erth           44%        2d11      1%          1

Your spell library contained the following spells:

 Spells                   Type           Power      Damage    Failure   Level
 Apportation              Tloc           26%        N/A       3%          1
 Leda's Liquefaction      Hex/Erth       9%         N/A       21%         4
 Petrify                  Tmut/Erth      18%        N/A       21%         4
 Alistair's Intoxication  Tmut/Pois      8%         N/A       71%         5


Dungeon Overview and Level Annotations

Branches:
Dungeon (7/15)
 Temple: D:4-7

Altars:
Kikubaaqudgha

Shops:
D:2 !


Innate Abilities, Weirdness & Mutations

You have very sharp teeth.
Your uncanny sense of smell can sniff out nearby items.
Your experience applies equally to all skills.


Message History

The blast of sand hits the orc warrior.
The orc warrior is severely wounded.
Aiming: Sandblast (safe; 1% risk of failure)
Press: ? - help, Q - select action, (/) - cycle Shift-Dir - straight line, f/p - orc warrior
Aim: an orc warrior, wielding a +0 hand axe and wearing a +0 plate armour (severely wounded, 83% to hit)
The blast of sand hits the orc warrior but does no damage.
The orc warrior is severely wounded.
An orc comes into view. It is wielding a +0 club.
The orc shouts!
You hit the orc warrior but do no damage.
The orc warrior is severely wounded.
The orc warrior hits you with a +0 hand axe!
The orc warrior drinks a potion.
The orc warrior goes berserk!
You closely miss the orc warrior. Your bite misses the orc warrior.
The orc warrior is severely wounded.
The orc warrior hits you with a +0 hand axe. x2
You hit the orc warrior.
The orc warrior is severely wounded.
The orc warrior barely misses you.
The orc warrior rages.
You closely miss the orc warrior.
The orc warrior is severely wounded.
The orc warrior rages.
The orc warrior drinks a potion.
The orc warrior goes berserk!
You barely miss the orc warrior.
The orc warrior is severely wounded.
The orc warrior closely misses you.
Aiming: Sandblast (safe; 1% risk of failure)
Press: ? - help, Q - select action, (/) - cycle Shift-Dir - straight line, f/p - orc warrior
Aim: an orc warrior, wielding a +0 hand axe and wearing a +0 plate armour (severely wounded, berserk, 83% to hit)
The blast of sand hits the orc warrior but does no damage.
The orc warrior is severely wounded.
The orc warrior hits you with a +0 hand axe! x3
* * * LOW HITPOINT WARNING * * *
Okay, then.
The orc warrior hits you with a +0 hand axe!
* * * LOW HITPOINT WARNING * * *
The orc warrior attacks as you move away!
The orc warrior hits you with a +0 hand axe!!
You die...

#.# #.# #.# #.#
###.####.# #.#
#.....##.# #.#
#...).##.# #.#
#........# #.#
#.....#..# #.#
#.....#..#
#.##################..#
#..>......@o.# #..#
############o# #..# #.#
#####..# #.# #......#
#o# #<###.## ...
#.....# ).. #.##### ...
... .....#..∆


You could see 2 orc warriors.

Vanquished Creatures
  A hornet (D:6)
  A steam dragon (D:6)
  A water moccasin (D:6)
  An ice beast (D:5)
  2 ogres
  3 centaurs
  A phantom (D:5)
  2 bullfrogs
  3 scorpions
  2 vampire bats (D:4)
  5 hounds
  4 orc priests
  2 jellies (D:6)
  Crazy Yiuf (D:4)
  2 gnoll boudas (D:5)
  A sleepcap (D:5)
  6 iguanas
  An orc wizard (D:3)
  5 gnolls (D:5)
  8 adders
  3 ufetubi
  2 worms
  A dart slug (D:2)
  11 orcs
  2 bat skeletons (D:4)
  3 bat zombies (D:4)
  5 endoplasms
  2 giant cockroaches
  4 goblins
  5 hobgoblins
  4 jackals
  5 quokkas
  7 ball pythons
  4 bats
  7 kobolds
  4 rats
121 creatures vanquished.

Notes
Turn   | Place    | Note
-------+----------+-------------------------------------------
     0 | D:1      | GimliDwarf the Gnoll Wanderer began the quest for the Orb.
     0 | D:1      | GimliDwarf set off with the following items: a +0 spear, a
                  | piece from Xom's chessboard (15/15), a potion of heal
                  | wounds, a +0 leather armour; and the following spell
                  | memorised: Sandblast; and the following spells available to
                  | memorise: Leda's Liquefaction, Petrify.
     0 | D:1      | Reached XP level 1. HP: 17/17 MP: 4/4
   341 | D:1      | Reached XP level 2. HP: 23/23 MP: 3/5
   892 | D:1      | Found a faded altar of an unknown god.
  1535 | D:2      | Found Bobezit's Distillery.
  1640 | D:2      | Reached XP level 3. HP: 28/28 MP: 0/7
  1789 | D:2      | Reached skill level 1 in Invocations
  1890 | D:2      | Reached skill level 1 in Short Blades
  1890 | D:2      | Reached skill level 1 in Long Blades
  1890 | D:2      | Reached skill level 1 in Axes
  1890 | D:2      | Reached skill level 1 in Maces & Flails
  1890 | D:2      | Reached skill level 1 in Staves
  1890 | D:2      | Reached skill level 1 in Ranged Weapons
  1890 | D:2      | Reached skill level 1 in Throwing
  1890 | D:2      | Reached skill level 1 in Dodging
  1890 | D:2      | Reached skill level 1 in Shields
  1890 | D:2      | Reached skill level 1 in Unarmed Combat
  2540 | D:3      | Reached XP level 4. HP: 33/34 MP: 5/8
  2881 | D:2      | Reached skill level 1 in Conjurations
  2881 | D:2      | Reached skill level 1 in Hexes
  2881 | D:2      | Reached skill level 1 in Summonings
  2881 | D:2      | Reached skill level 1 in Necromancy
  2881 | D:2      | Reached skill level 1 in Translocations
  2881 | D:2      | Reached skill level 1 in Transmutations
  2881 | D:2      | Reached skill level 1 in Fire Magic
  2881 | D:2      | Reached skill level 1 in Ice Magic
  2881 | D:2      | Reached skill level 1 in Air Magic
  2881 | D:2      | Reached skill level 1 in Poison Magic
  3337 | D:4      | Noticed a scorpion
  3491 | D:4      | Killed a scorpion
  3492 | D:4      | Reached XP level 5. HP: 41/41 MP: 6/9
  3827 | D:4      | Reached XP level 6. HP: 33/47 MP: 6/11
  4026 | D:4      | Reached skill level 5 in Evocations
  4136 | D:4      | Found an ancient bone altar of Kikubaaqudgha.
  4293 | D:4      | Reached XP level 7. HP: 48/52 MP: 7/12
  4332 | D:4      | Found a runed translucent door.
  4333 | D:4      | Noticed Crazy Yiuf
  4676 | D:4      | Killed Crazy Yiuf
  4823 | D:5      | Entered Level 5 of the Dungeon
  5659 | D:5      | Reached XP level 8. HP: 54/60 MP: 14/14
  6786 | D:6      | Noticed a hornet
  6790 | D:6      | Killed a hornet
  6791 | D:6      | Reached skill level 5 in Spellcasting
  6791 | D:6      | Reached XP level 9. HP: 59/67 MP: 14/16
  7242 | D:6      | Reached skill level 5 in Fighting
  7242 | D:6      | Reached skill level 5 in Polearms
  7242 | D:6      | Reached skill level 5 in Armour
  7771 | D:7      | Reached skill level 5 in Stealth
  7963 | D:7      | Slain by an orc warrior

Illustrated notes

Levels and vault maps discovered:
D:1:      spicycebolla_arrival_transporter_tutorial, layout_loops_corners,
          nicolae_ecumenical_lake_church
D:2:      layout_basic, serial_shops, nicolae_shop_industrial_runoff
D:3:      layout_basic
D:4:      layout_loops_ring, kennysheep_vampire_church, grunt_ministairs_4,
          uniq_crazy_yiuf_cottage
D:5:      minmay_razor_zed, layout_loops_ring
D:6:      layout_rooms, serial_co_window_serial, co_window_corner_a,
          co_window_cross_1, co_window_paths_b, co_window_corner_a,
          co_window_paths_a, co_window_corner_b, co_window_paths_c,
          co_window_unsneaky_path_c, co_window_corner_ca,
          co_window_of_opportunity_c, co_window_of_opportunity_c,
          co_window_cross_4, co_window_paths_d, co_window_4corner_b,
          grunt_decor_resistance
D:7:      layout_loops_ring, temple_green, kennysheep_opposing_triangles,
          uniq_prince_ribbit1

Skill      XL: |  1  2  3  4  5  6  7  8  9 |
---------------+----------------------------+-----
Invocations    | 1 2 3 4 |  4.8
Short Blades   | 1 2 3 4 |  4.3
Long Blades    | 1 2 3 4 |  4.3
Axes           | 1 2 3 4 |  4.3
Maces & Flails | 1 2 3 4 |  4.3
Staves         | 1 2 3 4 |  4.3
Ranged Weapons | 1 2 3 4 |  4.3
Throwing       | 1 2 3 4 |  4.3
Dodging        | 1 2 3 4 |  4.3
Shields        | 1 2 3 4 |  4.3
Unarmed Combat | 1 2 3 4 |  4.3
Spellcasting   | 3 4 5 |  5.2
Conjurations   | 1 2 3 |  3.6
Hexes          | 1 2 3 |  3.6
Summonings     | 1 2 3 |  3.6
Necromancy     | 1 2 3 |  3.6
Translocations | 1 2 3 |  3.6
Transmutations | 1 2 3 |  3.6
Fire Magic     | 1 2 3 |  3.6
Ice Magic      | 1 2 3 |  3.6
Air Magic      | 1 2 3 |  3.6
Poison Magic   | 1 2 3 |  3.6
Fighting       | 3 4 5 |  5.1
Polearms       | 3 4 5 |  5.1
Armour         | 3 4 5 |  5.1
Stealth        | 3 4 5 |  5.0
Evocations     | 5 6 |  6.4
Earth Magic    | 6 |  6.6

Action                     |  1- 3 |  4- 6 |  7- 9 || total
---------------------------+-------+-------+-------++-------
  Melee: Spear             |    19 |    36 |     2 ||    57
         Bite              |     1 |     3 |    13 ||    17
         Quarterstaff      |       |       |   145 ||   145
  Throw: Dart              |       |       |     2 ||     2
   Cast: Sandblast         |    52 |    58 |    59 ||   169
  Evoke: Piece from Xom's  |       |     3 |     2 ||     5
         Wand              |       |     2 |     2 ||     4
    Use: Scroll            |     9 |     2 |     8 ||    19
         Potion            |       |     2 |     1 ||     3
   Stab: Sleeping          |       |     1 |     2 ||     3
 Armour: Leather armour    |    12 |    35 |    74 ||   121
         Steam dragon scal |       |       |    14 ||    14
  Dodge: Dodged            |    15 |    42 |   124 ||   181
